[Event "fics rated crazyhouse match"]
[Site "fics, Oklahoma City, OK USA"]
[Date "2000.12.01"]
[White "venomous"]
[WhiteElo "2378"]
[Black "tantheman"]
[BlackElo "2188"]
[TimeControl "60+0"]
[Result "1-0"]

1. e4 e6 2. d4 b6 3. Be3 Bb7 4. Bd3 Nf6 5. Nc3 Bb4 6. f3 
c5 7. dxc5 bxc5 8. a3 Ba5 9. Bxc5 d6 10. Be3 O-O 11. Ne2 e5 
12. O-O P@d4 13. Nxd4 exd4 14. Bxd4 Bxc3 15. bxc3 N@f5 16. exf5 N@f4 17. P@g5 
Nxd3 18. cxd3 B@e5 19. Bxe5 dxe5 20. gxf6 Qxf6 21. N@g4 Qd6 22. N@e4 Bxe4 
23. fxe4 P@f4 24. N@c4 Qc5+ 25. B@f2 Qc6 26. B@d5 Qa6 27. Bxa8 B@e3 28. Bxe3 
fxe3 29. Ncxe3 B@f4 30. P@e7 Nd7 31. exf8=R+ Nxf8 32. P@e7 Bxe3+ 33. Nxe3 N@f4 
34. exf8=Q+ Kxf8 35. P@e7+ Kxe7 36. N@d5+ Nxd5 37. Nxd5+ Kd7 38. R@e7+ Kd8 39. R@e8# 
{tantheman checkmated} 1-0

[Event "fics rated crazyhouse match"]
[Site "fics, Oklahoma City, OK USA"]
[Date "2000.12.01"]
[White "tantheman"]
[WhiteElo "2184"]
[Black "venomous"]
[BlackElo "2382"]
[TimeControl "60+0"]
[Result "0-1"]

1. e4 e6 2. Nc3 Nc6 3. Nf3 Nf6 4. e5 Ng4 5. d4 d6 6. exd6 
cxd6 7. Bd3 P@f5 8. O-O Be7 9. Bf4 O-O 10. P@h3 Nf6 11. Bc4 Bd7 
12. d5 exd5 13. Nxd5 Nxd5 14. Bxd5 P@e6 15. Bxc6 Bxc6 16. P@h6 B@f6 17. hxg7 
Bxg7 18. P@h6 Bxb2 19. Rb1 Bbf6 20. N@h5 P@g5 21. Bxg5 Bxg5 22. P@g7 Re8 
23. Nxg5 Bxg5 24. B@f4 B@e7 25. Bxd6 Bxd6 26. Qxd6 N@e2+ 27. Kh1 Bxg2+ 28. Kxg2 
N@h4+ 29. Kh1 P@g2# 
{tantheman checkmated} 0-1

[Event "fics rated crazyhouse match"]
[Site "fics, Oklahoma City, OK USA"]
[Date "2000.12.01"]
[White "LINDEGREN"]
[WhiteElo "2362"]
[Black "Leech"]
[BlackElo "2183"]
[TimeControl "60+0"]
[Result "0-1"]

1. e4 e6 2. Nc3 Nf6 3. d4 d5 4. exd5 Nxd5 5. Nf3 Bb4 6. Bd2 
Bxc3 7. bxc3 N@e4 8. P@b2 Nxf2 9. Kxf2 P@f4 10. Bb5+ Bd7 11. Bxd7+ Nxd7 
12. Kf1 P@e3 13. Bc1 B@a6+ 14. B@d3 N7f6 15. B@h4 Qd6 16. Bxa6 Qxa6+ 17. B@e2 
B@b5 18. Bxb5+ Qxb5+ 19. B@e2 Qb6 20. Bxf6 Nxf6 21. Ne5 B@c6 22. Bf3 B@e4 
23. Bxe4 Nxe4 24. B@h4 B@f2 25. Bxf2 Nxf2 26. Qf3 Bxf3 27. Nxf3 Q@d1+ 28. B@e1 
Nxh1 29. N@e4 B@e2+ 30. Kg1 R@f1# 
{LINDEGREN checkmated} 0-1

[Event "fics rated crazyhouse match"]
[Site "fics, Oklahoma City, OK USA"]
[Date "2000.12.01"]
[White "venomous"]
[WhiteElo "2386"]
[Black "tantheman"]
[BlackElo "2180"]
[TimeControl "60+0"]
[Result "1-0"]

1. e4 e6 2. d4 Nc6 3. Be3 Nf6 4. Bd3 d5 5. e5 Ne4 6. Nh3 
Be7 7. O-O O-O 8. Qc1 h6 9. f3 Ng5 10. Nxg5 Bxg5 11. f4 Bh4 
12. N@f3 N@e4 13. Nxh4 Qxh4 14. Bxe4 dxe4 15. B@g3 Qe7 16. Nc3 N@f5 17. Nxe4 
Nxe3 18. Qxe3 B@d5 19. P@f6 Bxe4 20. fxe7 Nxe7 21. Qxe4 P@f5 22. N@f6+ gxf6 
23. exf6 N@h5 24. fxe7 fxe4 25. exf8=Q+ Kxf8 26. R@h8+ B@g8 27. Q@d8+ N@e8 28. Rxg8+ 
Kxg8 29. Qxe8+ R@f8 30. N@e7+ Kg7 31. B@e5+ P@f6 32. Bxf6+ Kxf6 33. Qxf8 Nxg3 
34. B@h4+ B@g5 35. fxg5# 
{tantheman checkmated} 1-0

[Event "fics rated crazyhouse match"]
[Site "fics, Oklahoma City, OK USA"]
[Date "2000.12.01"]
[White "Leech"]
[WhiteElo "2195"]
[Black "LINDEGREN"]
[BlackElo "2350"]
[TimeControl "60+0"]
[Result "1-0"]

1. e4 Nf6 2. Nc3 Nc6 3. d4 d5 4. exd5 Nxd5 5. Bb5 e6 6. Nf3 
Bb4 7. Bd2 P@a3 8. Nxd5 Bxd2+ 9. Qxd2 axb2 10. Nxc7+ Qxc7 11. Rd1 B@c1 
12. Rxc1 P@c3 13. Qd1 bxc1=Q 14. Qxc1 R@e4+ 15. B@e3 O-O 16. O-O e5 17. Bxc6 
N@e2+ 18. Kh1 Nxc1 19. Rxc1 Rxe3 20. fxe3 B@h3 21. R@g3 bxc6 22. Rxg7+ Kxg7 
23. N@h5+ Kh6 24. P@g5+ Kxh5 25. N@g3+ Kg6 26. P@h5+ Kg7 27. B@f6+ Kg8 28. N@h6# 
{LINDEGREN checkmated} 1-0

[Event "fics rated crazyhouse match"]
[Site "fics, Oklahoma City, OK USA"]
[Date "2000.12.01"]
[White "LINDEGREN"]
[WhiteElo "2339"]
[Black "Leech"]
[BlackElo "2206"]
[TimeControl "60+0"]
[Result "1-0"]

1. e4 Nf6 2. Nc3 Nc6 3. d4 d6 4. Nf3 e6 5. Bb5 Bd7 6. d5 
Ne5 7. Nxe5 dxe5 8. dxe6 Bxb5 9. exf7+ Ke7 10. N@f5+ Kxf7 11. P@e6+ Kxe6 
12. Qxd8 Rxd8 13. P@d5+ Kf7 14. Q@e6+ Kg6 15. Nh4+ Kh5 16. Qf5+ Kxh4 17. Qg5# 
{Leech checkmated} 1-0

[Event "fics rated crazyhouse match"]
[Site "fics, Oklahoma City, OK USA"]
[Date "2000.12.01"]
[White "tantheman"]
[WhiteElo "2176"]
[Black "venomous"]
[BlackElo "2390"]
[TimeControl "60+0"]
[Result "1-0"]

1. e4 e6 2. d4 b6 3. Nc3 Bb7 4. Bd3 Nf6 5. Qe2 Nc6 6. Nf3 
d5 7. e5 Ng4 8. h3 Nxf2 9. Qxf2 P@e4 10. O-O exd3 11. Ng5 Qe7 
12. Nxf7 dxc2 13. Nxh8 O-O-O 14. R@f7 Qe8 15. P@d7+ Rxd7 16. Rxf8 Qxf8 17. Qxf8+ 
R@d8 18. Qf2 B@b4 19. B@h4 Bxc3 20. bxc3 N@e4 21. Qxc2 P@f2+ 22. Bxf2 Nxf2 
23. Rxf2 P@g3 24. Be3 gxf2+ 25. Bxf2 B@e4 26. Qa4 R@g5 27. P@g4 Rxh8 28. P@a6 
Bxa6 29. Qxa6+ Kd8 30. P@e7+ Kxe7 31. B@h4 N@e2+ 32. Kh1 Bxg2+ 33. Kxg2 Nf4+ 
34. Kh2 h6 35. Bxg5+ hxg5 36. B@h5 Rxh5 37. N@g6+ Nxg6 38. gxh5 N@f3+ 39. Kg3 
Nf4 40. Kxf3 B@e4+ 41. Ke3 B@d2+ 42. Kxd2 P@e3+ 43. Ke1 
{venomous forfeits on time} 1-0

[Event "fics rated crazyhouse match"]
[Site "fics, Oklahoma City, OK USA"]
[Date "2000.12.01"]
[White "Leech"]
[WhiteElo "2201"]
[Black "LINDEGREN"]
[BlackElo "2344"]
[TimeControl "60+0"]
[Result "0-1"]

1. e4 Nf6 2. Nc3 Nc6 3. d3 d5 4. Nf3 e6 5. exd5 Nxd5 6. Be2 
Bb4 7. Bd2 Bxc3 8. bxc3 N@f4 9. Rg1 Nxe2 10. Qxe2 B@b2 11. Rd1 Nxc3 
12. Bxc3 Bxc3+ 13. P@d2 Bxd2+ 14. Rxd2 B@c3 15. B@g5 P@f6 16. N@h5 Rg8 17. Be3 
P@b2 18. N@b1 Bxd2+ 19. Kxd2 P@d4 20. Bf4 e5 21. Bg3 Bg4 22. B@a3 Bxh5 
23. Bxb2 Bxf3 24. Qxf3 N@a4 25. Ba3 N@c3 26. Nxc3 Nxc3 27. P@d5 N@b1+ 28. Kc1 
Nxa3 
{Leech forfeits on time} 0-1

[Event "fics rated crazyhouse match"]
[Site "fics, Oklahoma City, OK USA"]
[Date "2000.12.01"]
[White "LINDEGREN"]
[WhiteElo "2349"]
[Black "Leech"]
[BlackElo "2196"]
[TimeControl "60+0"]
[Result "1-0"]

1. e4 e6 2. Nc3 Nf6 3. e5 Nd5 4. Nxd5 exd5 5. d4 d6 6. Nf3 
dxe5 7. Nxe5 P@f6 8. Bb5+ Bd7 9. Nxd7 Nxd7 10. Qe2+ Be7 11. N@h5 Rg8 
12. Bxd7+ Qxd7 13. P@h6 B@g4 14. Nxg7+ Kd8 15. f3 Be6 16. Nxe6+ Qxe6 17. Qxe6 
fxe6 18. P@f7 Rf8 19. N@f4 N@g5 20. O-O Bd6 21. B@e8 Rxe8 22. fxe8=Q+ Kxe8 
23. Q@g8+ Q@f8 24. Qxf8+ Bxf8 25. B@h5+ B@g6 26. Bxg6+ hxg6 27. Q@e2 B@d6 28. R@g8 
Bxf4 29. Rxf8# 
{Leech forfeits on time} 1-0

[Event "fics rated crazyhouse match"]
[Site "fics, Oklahoma City, OK USA"]
[Date "2000.12.01"]
[White "Leech"]
[WhiteElo "2191"]
[Black "LINDEGREN"]
[BlackElo "2354"]
[TimeControl "60+0"]
[Result "0-1"]

1. e4 Nf6 2. e5 Nd5 3. Bc4 e6 4. Bxd5 exd5 5. Nc3 d6 6. d4 
Be6 7. Nf3 Nc6 8. N@g5 B@f5 9. O-O Be7 10. Re1 dxe5 11. dxe5 P@e4 
12. Nxe6 Bxe6 13. P@f6 exf3 14. fxe7 Qxe7 15. B@g5 Qd7 16. Qxf3 N@d4 17. Qh5 
Bg4 18. B@h3 N@f3+ 19. gxf3 Nxf3+ 20. Kh1 P@g2+ 21. Kxg2 Nxe1# 
{Leech forfeits on time} 0-1

[Event "fics rated crazyhouse match"]
[Site "fics, Oklahoma City, OK USA"]
[Date "2000.12.01"]
[White "LINDEGREN"]
[WhiteElo "2359"]
[Black "Leech"]
[BlackElo "2186"]
[TimeControl "60+0"]
[Result "1-0"]

1. e4 e6 2. Nc3 Nf6 3. e5 Nd5 4. Nxd5 exd5 5. d4 Nc6 6. Nf3 
Bb4+ 7. c3 Be7 8. N@h5 Rg8 9. Bd3 N@g6 10. O-O a6 11. Re1 b5 
12. Bxg6 hxg6 13. Nxg7+ Rxg7 14. P@f6 Bxf6 15. exf6+ B@e4 16. fxg7 Ke7 17. B@f8+ 
Qxf8 18. gxf8=Q+ Kxf8 19. Q@h8+ B@g8 20. Bh6+ P@g7 21. Qxg7+ Ke7 22. Rxe4+ dxe4 
23. B@f6+ Kd6 24. P@c5+ Ke6 25. N@f4+ Kf5 26. Nh4# 
{Leech checkmated} 1-0

[Event "fics rated crazyhouse match"]
[Site "fics, Oklahoma City, OK USA"]
[Date "2000.12.01"]
[White "Leech"]
[WhiteElo "2182"]
[Black "LINDEGREN"]
[BlackElo "2363"]
[TimeControl "60+0"]
[Result "1-0"]

1. e4 Nf6 2. e5 Nd5 3. Bc4 e6 4. Bxd5 exd5 5. d4 d6 6. Nf3 
Nc6 7. O-O B@e4 8. N@d2 Bxf3 9. Nxf3 Ke7 10. B@h4+ f6 11. exf6+ gxf6 
12. Re1+ P@e4 13. Bxf6+ Kxf6 14. Bg5+ Kf7 15. Bxd8 B@g6 16. Ng5+ Ke8 17. Bxc7 
N@e6 18. Nxe6 Bxe6 19. P@h5 Kd7 20. hxg6 hxg6 21. Bxd6 Bxd6 22. P@e5 Be7 
23. P@d6 Bd8 24. P@c7 Bg5 25. N@c5+ Ke8 26. Nxe6 B@d7 27. Q@g7 N@f7 28. Nxg5 
Rf8 29. Qxg6 Be6 30. Nxe6 P@e7 31. Ng7+ Kd7 32. P@e6+ Kc8 33. B@d7# 
{LINDEGREN checkmated} 1-0

[Event "fics rated crazyhouse match"]
[Site "fics, Oklahoma City, OK USA"]
[Date "2000.12.01"]
[White "LINDEGREN"]
[WhiteElo "2351"]
[Black "Leech"]
[BlackElo "2194"]
[TimeControl "60+0"]
[Result "1-0"]

1. e4 e6 2. Nc3 Nf6 3. d4 d5 4. exd5 Nxd5 5. Nf3 Nxc3 6. bxc3 
Nc6 7. Bd3 P@f5 8. N@h5 N@f6 9. Nxf6+ gxf6 10. P@h6 Rg8 11. N@g3 Bd7 
12. O-O N@g4 13. Qe2 Nxh6 14. d5 Ne5 15. Nxe5 fxe5 16. Qxe5 Ng4 17. Qe2 
P@e4 18. dxe6 Bxe6 19. Bxe4 fxe4 20. Nxe4 Nxh2 21. N@f6+ Ke7 22. Nxg8+ Kd7 
23. P@c6+ bxc6 24. Ngf6+ Kc8 25. P@b7+ Kxb7 26. Rb1+ P@b5 27. Rxb5+ cxb5 28. Qxb5+ 
R@b6 29. P@c6+ Kb8 30. R@b7+ Kc8 31. P@d7# 
{Leech forfeits on time} 1-0

[Event "fics rated crazyhouse match"]
[Site "fics, Oklahoma City, OK USA"]
[Date "2000.12.01"]
[White "Leech"]
[WhiteElo "2189"]
[Black "LINDEGREN"]
[BlackElo "2356"]
[TimeControl "60+0"]
[Result "1-0"]

1. e3 Nf6 2. d4 Nc6 3. Nc3 d5 4. Nf3 e6 5. Bb5 Bd7 6. O-O 
Bd6 7. Bd2 Ne4 8. a3 Nxc3 9. Bxc3 N@e4 10. Qe2 O-O 11. Rab1 f5 
12. Bxc6 bxc6 13. N@e5 B@h5 14. N@f4 Bxf3 15. Qxf3 Bxe5 16. dxe5 N@g5 17. Qe2 
Nxc3 18. bxc3 N@e4 19. B@d4 B@f7 20. B@h4 Bde8 21. N@f3 Nxf3+ 22. gxf3 Qxh4 
23. N@g2 Qg5 24. fxe4 fxe4 25. N@h3 Qd8 26. f3 exf3 27. Rxf3 B@e4 28. Rg3 
P@g6 29. P@f6 Bxg2 30. Nxg2 N@f5 31. fxg7 Nxg3 32. hxg3 Kxg7 33. B@f6+ Kh6 
34. P@g5# 
{LINDEGREN checkmated} 1-0

[Event "fics rated crazyhouse match"]
[Site "fics, Oklahoma City, OK USA"]
[Date "2000.12.01"]
[White "LINDEGREN"]
[WhiteElo "2344"]
[Black "Leech"]
[BlackElo "2201"]
[TimeControl "60+0"]
[Result "1-0"]

1. e4 e6 2. Nc3 Nf6 3. d4 d5 4. exd5 Nxd5 5. Nf3 Bb4 6. Bd2 
Bxc3 7. bxc3 Nc6 8. Bd3 N@f4 9. Bxf4 Nxf4 10. Rg1 B@h6 11. N@g4 P@f5 
12. Nxh6 gxh6 13. B@g7 Rg8 14. Bxh6 Nxg2+ 15. Rxg2 Rxg2 16. N@g7+ Rxg7 17. Bxg7 
R@h1+ 18. B@f1 P@g2 19. R@f8+ Kd7 20. Rxd8+ Kxd8 21. Bf6+ N@e7 22. Bxe7+ Nxe7 
23. P@f6 gxf1=Q+ 24. Bxf1 Rxf1+ 25. Kxf1 R@h1+ 26. N@g1 B@h3+ 27. P@g2 Bxg2+ 28. Kxg2 
N@f4+ 29. Kg3 Nh5+ 30. Kh4 Ng6+ 31. Kxh5 B@g4+ 32. Kh6 B@f4+ 33. P@g5 
{Leech forfeits on time} 1-0

[Event "fics rated crazyhouse match"]
[Site "fics, Oklahoma City, OK USA"]
[Date "2000.12.01"]
[White "Leech"]
[WhiteElo "2196"]
[Black "LINDEGREN"]
[BlackElo "2349"]
[TimeControl "60+0"]
[Result "0-1"]

1. e4 Nf6 2. Nc3 Nc6 3. d4 d5 4. e5 Ne4 5. Bb5 e6 6. Nxe4 
dxe4 7. Nh3 Bb4+ 8. c3 Be7 9. O-O Bd7 10. Bxc6 Bxc6 11. N@e3 B@f3 
12. gxf3 exf3 13. B@d3 P@e2 14. Bxe2 fxe2 15. Qxe2 N@f3+ 16. Qxf3 Bxf3 17. P@g2 
Bxg2 18. Nxg2 B@f3 19. N@f4 P@e2 20. Re1 Bxg2 21. Kxg2 N@h4+ 22. Kh1 Bg5 
23. B@g2 Bxf4 24. Bxf4 Nxg2 25. B@g5 Nxf4 26. P@g2 B@f3 27. Nxf4 Qxg5 
{Leech forfeits on time} 0-1

[Event "fics rated crazyhouse match"]
[Site "fics, Oklahoma City, OK USA"]
[Date "2000.12.01"]
[White "LINDEGREN"]
[WhiteElo "2354"]
[Black "Leech"]
[BlackElo "2191"]
[TimeControl "60+0"]
[Result "1-0"]

1. e4 e6 2. Nc3 d5 3. exd5 exd5 4. d4 Nf6 5. Nf3 Be7 6. Bb5+ 
Nc6 7. Ne5 Bd7 8. Bxc6 bxc6 9. Nxd7 Nxd7 10. N@h5 Rg8 11. B@f5 P@g6 
12. Bxd7+ Qxd7 13. N@e5 Qe6 14. Nf4 Qf5 15. Ncxd5 cxd5 16. P@d7+ Kf8 17. Nxd5 
B@e4 18. Nxe7 Kxe7 19. B@g4 Qf6 20. f3 B@f4 21. O-O Bxc1 22. Rxc1 B@e3+ 
23. Kh1 N@f2+ 24. Rxf2 Bxf2 25. N@c8+ Raxc8 26. dxc8=Q Rxc8 27. Bxc8 Bxf3 28. R@d7+ 
Kf8 29. R@d8+ N@e8 30. Rxe8+ Kxe8 31. Nxf3 R@h5 32. Qe2# 
{Leech forfeits on time} 1-0

[Event "fics rated crazyhouse match"]
[Site "fics, Oklahoma City, OK USA"]
[Date "2000.12.01"]
[White "Leech"]
[WhiteElo "2186"]
[Black "LINDEGREN"]
[BlackElo "2359"]
[TimeControl "60+0"]
[Result "0-1"]

1. e4 Nf6 2. Nc3 Nc6 3. Bb5 d5 4. exd5 Nxd5 5. Nxd5 Qxd5 6. Bxc6+ 
bxc6 7. N@e3 Qd8 8. Nf3 B@d6 9. d4 e6 10. P@e5 Bb4+ 11. c3 Bbe7 
12. N@h5 N@d5 13. Nxd5 exd5 14. Nxg7+ Bxg7 15. P@f6 Bgxf6 16. exf6 Bxf6 17. B@e5 
Qe7 18. Qe2 P@d3 19. Qxd3 P@c4 20. Qe2 N@d3+ 21. Kf1 Nxc1 22. Rxc1 B@d3 
23. N@f4 Bxe2+ 24. Nxe2 P@d3 25. Nf4 N@e2 26. Bxf6 Qxf6 27. N@h5 Qe7 28. B@f6 
Nxf4 29. Bxe7 Q@e2# 
{Leech forfeits on time} 0-1

[Event "fics rated crazyhouse match"]
[Site "fics, Oklahoma City, OK USA"]
[Date "2000.12.01"]
[White "LINDEGREN"]
[WhiteElo "2363"]
[Black "Leech"]
[BlackElo "2182"]
[TimeControl "60+0"]
[Result "1-0"]

1. e4 e6 2. Nc3 Nf6 3. d4 d5 4. exd5 Nxd5 5. Nf3 Nc6 6. Bb5 
Bd7 7. O-O a6 8. Bd3 Bb4 9. Nxd5 exd5 10. N@h5 Bf8 11. Qe2+ P@e4 
12. Bxe4 dxe4 13. Qxe4+ B@e7 14. P@f6 gxf6 15. Nxf6# 
{Leech checkmated} 1-0

[Event "fics rated crazyhouse match"]
[Site "fics, Oklahoma City, OK USA"]
[Date "2000.12.01"]
[White "Leech"]
[WhiteElo "2178"]
[Black "LINDEGREN"]
[BlackElo "2367"]
[TimeControl "60+0"]
[Result "0-1"]

1. e4 Nf6 2. e5 Nd5 3. c4 e6 4. cxd5 exd5 5. d4 d6 6. Nf3 
Nc6 7. Bb5 Bd7 8. O-O Be7 9. exd6 cxd6 10. Bxc6 bxc6 11. P@e5 P@h3 
12. gxh3 Bxh3 13. N@f4 Bxf1 14. Qxf1 B@e4 15. P@g2 P@g4 16. Nfd2 P@f3 17. exd6 
Bxd6 18. P@e5 fxg2 19. Nxg2 Bxg2 20. Qxg2 N@h3+ 21. Kf1 R@g1+ 22. Qxg1 Nxg1 
23. Kxg1 P@g2 24. Kxg2 P@f3+ 25. Kf1 Bxe5 26. Nc3 Q@h1+ 27. B@g1 P@g2+ 28. Ke1 
Qxg1+ 29. B@f1 gxf1=Q+ 30. Nxf1 B@g2 31. N@e3 Bxd4 32. Bd2 Bxf1 
{Leech forfeits on time} 0-1

[Event "fics rated crazyhouse match"]
[Site "fics, Oklahoma City, OK USA"]
[Date "2000.12.01"]
[White "LINDEGREN"]
[WhiteElo "2371"]
[Black "Leech"]
[BlackElo "2174"]
[TimeControl "60+0"]
[Result "1-0"]

1. e4 d5 2. exd5 c6 3. Nc3 cxd5 4. d4 Nf6 5. Nf3 Nc6 6. Bb5 
Bd7 7. Bxc6 Bxc6 8. Ne5 B@c7 9. Nxf7 Kxf7 10. N@g5+ Ke8 11. P@e6 Qb8 
12. P@d7+ Bxd7 13. exd7+ Nxd7 14. Nxd5 P@f7 15. P@e6 fxe6 16. B@f7+ Kd8 17. Nxe6+ 
Kc8 18. Nexc7 P@c6 19. Nxa8 Qxa8 20. P@c7 cxd5 21. R@d8+ Kxc7 22. Rxa8 N@b6 
23. Bf4+ Kc6 24. Q@c7+ Kb5 25. a4+ Ka5 26. B@d2+ P@b4 27. Bxb4+ Kxb4 28. Qc3# 
{Leech checkmated} 1-0

[Event "fics rated crazyhouse match"]
[Site "fics, Oklahoma City, OK USA"]
[Date "2000.12.01"]
[White "Leech"]
[WhiteElo "2170"]
[Black "LINDEGREN"]
[BlackElo "2375"]
[TimeControl "60+0"]
[Result "0-1"]

1. Nf3 Nf6 2. Ng5 e6 3. Nxf7 Kxf7 4. e4 d6 5. d4 Nxe4 6. Bd3 
Nf6 7. P@e5 P@f5 8. exf6 gxf6 9. N@h6+ Bxh6 10. Bxh6 N@g4 11. B@h5+ P@g6 
12. Bxg4 fxg4 13. Qxg4 e5 14. P@f5 N@e7 15. N@h4 B@h5 16. fxg6+ hxg6 17. Qxh5 
gxh5 18. B@g6+ Nxg6 19. Bxg6+ Ke7 20. P@g5 Q@c1+ 21. N@d1 B@a5+ 22. Nc3 P@d2+ 
23. Ke2 Bg4+ 24. f3 Kd7 25. Nd5 Kc8 26. fxg4 hxg4 27. Bf5+ Nd7 28. Bxd7+ 
Qxd7 
{Leech forfeits on time} 0-1

[Event "fics rated crazyhouse match"]
[Site "fics, Oklahoma City, OK USA"]
[Date "2000.12.01"]
[White "LINDEGREN"]
[WhiteElo "2379"]
[Black "Leech"]
[BlackElo "2166"]
[TimeControl "60+0"]
[Result "1-0"]

1. e4 e6 2. Nc3 Nf6 3. d4 d5 4. exd5 Nxd5 5. Nf3 Bb4 6. Bd2 
Bxc3 7. bxc3 N@e4 8. P@b2 P@a4 9. Bd3 Nef6 10. O-O Nc6 11. Ne5 Nxe5 
12. dxe5 Nd7 13. B@d4 N@c6 14. N@h5 Rg8 15. Bxh7 Rh8 16. Nxg7+ Kf8 17. Bh6 
Rxh7 18. Nf5+ Ke8 19. Ng7+ Rxg7 20. Bxg7 B@f8 21. R@h8 N@g6 22. Rg8 Qe7 
23. P@h7 N7b6 24. Bxf8 Qxf8 25. Rxf8+ Nxf8 26. h8=Q R@g6 27. P@g7 B@e7 28. gxf8=Q+ 
Bxf8 29. B@h4 P@e7 30. N@h7 Nd7 31. Nxf8 Nxf8 32. Qxf8+ Kxf8 33. N@h7# 
{Leech forfeits on time} 1-0

[Event "fics rated crazyhouse match"]
[Site "fics, Oklahoma City, OK USA"]
[Date "2000.12.01"]
[White "Leech"]
[WhiteElo "2162"]
[Black "LINDEGREN"]
[BlackElo "2383"]
[TimeControl "60+0"]
[Result "0-1"]

1. e4 Nf6 2. e5 Nd5 3. Bc4 e6 4. Bxd5 exd5 5. d4 d6 6. Nf3 
Nc6 7. Bg5 Be7 8. Bxe7 Qxe7 9. B@h4 f6 10. O-O Rg8 11. Re1 B@e4 
12. Nc3 Bxf3 13. Qxf3 Nxd4 14. Qxd5 Be6 15. Qxb7 B@c6 16. Qxa8+ Bxa8 17. R@b8+ 
N@d8 18. Rxa8 P@h3 19. B@a4+ Kf8 20. exf6 gxf6 21. B@h6+ P@g7 22. Rxe6 Nxe6 
23. P@e5 hxg2 24. Kxg2 P@f3# 
{Leech forfeits on time} 0-1

[Event "fics rated crazyhouse match"]
[Site "fics, Oklahoma City, OK USA"]
[Date "2000.12.01"]
[White "LINDEGREN"]
[WhiteElo "2387"]
[Black "Leech"]
[BlackElo "2158"]
[TimeControl "60+0"]
[Result "1-0"]

1. e4 e6 2. Nc3 Nf6 3. d4 d5 4. exd5 Nxd5 5. Nf3 Nc6 6. Nxd5 
exd5 7. Bb5 Bd6 8. Qe2+ P@e4 9. N@h5 Rg8 10. Bxc6+ bxc6 11. Ng5 B@g4 
12. f3 Bxh5 13. N@f4 Qxg5 14. Nxh5 Qxh5 15. B@g4 Qh4+ 16. P@g3 Bxg3+ 17. Kd1 
Bxg4 18. fxg4 B@b5 19. B@d3 Bxd3 20. cxd3 P@c2+ 21. Kxc2 N@b4+ 22. Kb3 Nxd3 
23. B@a6 P@c4+ 24. Bxc4 dxc4+ 25. Kxc4 B@d5+ 26. Kc3 B@b4+ 27. Kc2 N@f4 28. Bxf4 
Nxf4 29. P@d7+ Kxd7 30. N@e5+ Kd8 31. P@b7 P@d3+ 32. Kc1 
{Leech forfeits on time} 1-0

[Event "fics rated crazyhouse match"]
[Site "fics, Oklahoma City, OK USA"]
[Date "2000.12.01"]
[White "Leech"]
[WhiteElo "2155"]
[Black "LINDEGREN"]
[BlackElo "2390"]
[TimeControl "60+0"]
[Result "0-1"]

1. e4 Nf6 2. e5 Nd5 3. Qf3 e6 4. Bc4 Nc6 5. Bxd5 exd5 6. Qxd5 
B@e6 7. Qe4 d5 8. exd6 Bxd6 9. Nc3 P@f5 10. Qd3 O-O 11. Nge2 Ne5 
12. Qe3 Ng4 13. Qf3 Bcd7 14. h3 Bc6 15. hxg4 Bxf3 16. gxf3 fxg4 17. fxg4 
Bxg4 18. B@e4 P@f5 19. Bd5 P@e4 20. P@h6 Be5 21. hxg7 Bxg7 22. P@h6 Bxh6 
23. Rxh6 P@g7 24. Rh1 Bxe2 25. Nxe2 P@f3 26. Nc3 N@g2+ 27. Kd1 c6 
{Leech forfeits on time} 0-1

[Event "fics rated crazyhouse match"]
[Site "fics, Oklahoma City, OK USA"]
[Date "2000.12.01"]
[White "LINDEGREN"]
[WhiteElo "2393"]
[Black "Leech"]
[BlackElo "2152"]
[TimeControl "60+0"]
[Result "1-0"]

1. e4 Nf6 2. Nc3 d5 3. exd5 Nxd5 4. d4 Nc6 5. Nxd5 Qxd5 6. Nf3 
P@e4 7. Be3 exf3 8. gxf3 N@h4 9. P@e4 Qh5 10. P@g2 e5 11. d5 Bb4+ 
12. c3 Bxc3+ 13. bxc3 Ne7 14. B@g4 Bxg4 15. fxg4 Qg6 16. B@f5 Qd6 17. N@h5 
B@g8 18. Nxg7+ Kd8 19. P@c5 
{Leech forfeits on time} 1-0

[Event "fics rated crazyhouse match"]
[Site "fics, Oklahoma City, OK USA"]
[Date "2000.12.01"]
[White "Leech"]
[WhiteElo "2149"]
[Black "LINDEGREN"]
[BlackElo "2396"]
[TimeControl "60+0"]
[Result "1-0"]

1. e4 Nf6 2. e5 Nd5 3. Qf3 e6 4. Bc4 Nc6 5. Bxd5 exd5 6. Qxd5 
B@e6 7. Qe4 d6 8. d4 dxe5 9. dxe5 P@f5 10. Qe3 Bb4+ 11. P@c3 Be7 
12. N@h5 Rg8 13. P@f6 gxf6 14. exf6 Bd6 15. P@e7 Nxe7 16. fxe7 Bxe7 17. N@g7+ 
Kf8 18. Qh6 Qd6 19. Nxf5+ Ke8 20. Nxd6+ cxd6 21. P@f6 Bd8 22. Qxh7 Rg6 
23. Ng7+ Kd7 24. Q@e8+ Kc7 25. Qxg6 fxg6 26. Nxe6+ Bxe6 27. R@e7+ P@d7 28. Rxe6 
Q@d5 29. B@d4 dxe6 30. B@f3 P@e4 31. P@c4 exf3 32. cxd5 fxg2 33. Q@d7+ Kb8 
34. Qexd8# 
{LINDEGREN forfeits on time} 1-0

[Event "fics rated crazyhouse match"]
[Site "fics, Oklahoma City, OK USA"]
[Date "2000.12.01"]
[White "LINDEGREN"]
[WhiteElo "2383"]
[Black "Leech"]
[BlackElo "2162"]
[TimeControl "60+0"]
[Result "0-1"]

1. e4 e6 2. Nc3 Nf6 3. d4 d5 4. exd5 Nxd5 5. Nf3 Nxc3 6. bxc3 
Nc6 7. Bd3 P@f5 8. O-O N@e4 9. Bd2 Be7 10. N@h5 Rg8 11. Qe2 Nf6 
12. Nf4 Nd5 13. Ne5 Nxf4 14. Bxf4 N@d5 15. Bd2 Nxe5 16. dxe5 N@f4 17. Bxf4 
Nxf4 18. Qf3 Nxd3 19. cxd3 B@c6 20. P@e4 fxe4 21. dxe4 Bxe4 22. Qxe4 B@c6 
23. Qe2 P@d3 24. Qg4 P@e2 25. Rfb1 Qd5 26. B@f3 Qxe5 27. P@d4 Qf5 28. Qxf5 
exf5 29. Bxc6+ bxc6 30. B@f3 P@d2 31. N@e3 e1=Q+ 32. Rxe1 dxe1=Q+ 33. Rxe1 d2 
34. Rf1 R@e1 35. N@g3 Rxf1+ 36. Ngxf1 B@b7 37. N@h5 R@c1 38. P@f6 Rxf1+ 39. Nxf1 
gxf6 40. N@g7+ Kd8 41. R@d5+ cxd5 42. Ne6+ Bxe6 
{LINDEGREN forfeits on time} 0-1

[Event "fics rated crazyhouse match"]
[Site "fics, Oklahoma City, OK USA"]
[Date "2000.12.01"]
[White "Leech"]
[WhiteElo "2174"]
[Black "LINDEGREN"]
[BlackElo "2371"]
[TimeControl "60+0"]
[Result "0-1"]

1. e4 e6 2. Nc3 Nf6 3. e5 Nd5 4. Nxd5 exd5 5. d4 d6 6. Nf3 
Nc6 7. Be2 Bd7 8. O-O N@e4 9. Be3 Be7 10. Qd3 O-O 11. N@g3 Nxg3 
12. fxg3 N@e4 13. c3 f6 14. exd6 Bxd6 15. N@f2 Bf5 16. Qd1 Nxf2 17. Bxf2 
N@g4 18. P@h3 Nxf2 19. Rxf2 B@e3 20. Qf1 P@g4 21. hxg4 Bxg4 22. N@d1 Bxf2+ 
23. Qxf2 Qe7 24. P@e5 fxe5 25. dxe5 Nxe5 26. P@f4 Nxf3+ 27. Bxf3 Bxf3 28. Qxf3 
R@e1+ 29. B@f1 P@e2 30. Ne3 exf1=Q+ 31. Nxf1 Rxa1 32. N@h6+ gxh6 33. P@f7+ Rxf7 
34. B@h5 P@g6 35. Bg4 P@e2 36. Qxe2 Qxe2 37. Bxe2 Q@e7 38. Q@f2 B@c5 39. P@d4 
N@d1 40. Bxd1 Rxd1 41. N@e3 N@d3 42. Qe2 P@f2+ 43. Qxf2 Nxf2 44. Nxd1 R@e1 
45. Kxf2 Rxf1+ 46. Kxf1 Q@e1# 
{Leech checkmated} 0-1

[Event "fics rated crazyhouse match"]
[Site "fics, Oklahoma City, OK USA"]
[Date "2000.12.01"]
[White "LINDEGREN"]
[WhiteElo "2375"]
[Black "Leech"]
[BlackElo "2170"]
[TimeControl "60+0"]
[Result "1-0"]

1. e4 e6 2. Nc3 d5 3. d4 dxe4 4. Nxe4 P@f5 5. Ng5 Nh6 6. N1f3 
Be7 7. h4 Nc6 8. Bb5 O-O 9. Bxc6 bxc6 10. Ne5 Bd7 11. Nxd7 Qxd7 
12. N@e5 Qd5 13. B@f3 B@e4 14. Nxe4 fxe4 15. Bxh6 exf3 16. Nxf3 gxh6 17. N@f4 
Qa5+ 18. B@d2 Qb6 19. Nd3 B@g7 20. P@g5 h5 21. P@f6 Bgxf6 22. gxf6 Bxf6 
23. B@e5 B@g7 24. Bg5 P@e7 25. Bgxf6 exf6 26. B@c5 Qa5+ 27. b4 Qa3 28. O-O 
P@d6 29. Bexd6 cxd6 30. Bxd6 Rfd8 31. Be7 Rd7 32. P@g5 Rxe7 33. gxf6 Bxf6 
34. Nde5 Bxe5 35. dxe5 B@d5 36. B@f6 Bxf3 37. gxf3 P@h2+ 38. Kxh2 Qxb4 39. B@g3 
P@f4 40. P@g7 fxg3+ 41. fxg3 B@f4 42. Bxe7 Bxg3+ 43. Kh1 P@g2+ 44. Kxg2 N@f4+ 
45. Kxg3 N@f5+ 46. Kf2 B@g3+ 47. Kg1 
{Leech forfeits on time} 1-0